Map: Tête de pont EC (Void)

Players

qball

  • Race: Zerg Zerg
  • League: Grandmaster

AgCl - Winner!

  • Race: Protoss Protoss
  • League: Grandmaster

VOD

Have the link to the VOD?

Description

Time

  • Played on: July 14, 2015, 3:46 a.m.
  • Length: 14:14
Show
View Real Time Build Order
Export as new Build Order

qball Zerg 

Build Orders: 3 Hatch before Pool 

Get SALT Encoding   

  12  0:02  Drone  
  13  0:13  Overlord  
  13  0:22  Drone  
  14  0:31  Drone x2  
  16  0:36  Drone  
  17  0:46  Drone  
  18  1:02  Hatchery  
  17  1:08  Drone  
  18  1:21  Hatchery  
  17  1:38  Spawning Pool  
  16  1:42  Extractor  
  15  1:52  Overlord  
  15  1:54  Drone x2  
  17  2:06  Drone  
  18  2:26  Queen  
  18  2:27  Zergling x8  
  24  2:46  Queen x2  
  24  3:11  Metabolic Boost  
  24  3:16  Drone x2  
  26  3:31  Drone x3  
  29  3:54  Pneumatized Carapace  
  29  4:10  Spore Crawler  
  29  4:12  Spore Crawler  
  24  4:18  Spore Crawler  
  22  4:25  Zergling x4  
  22  4:26  Zergling x4  
  26  4:36  Drone x5  
  31  4:47  Roach Warren  
  30  4:58  Zergling x6  
  29  5:19  Queen x2  
  31  5:33  Zergling x6  
  31  5:34  Zergling x4  
  31  5:35  Zergling x2  
  35  5:48  Overlord  
  33  5:55  Roach x2  
  33  5:56  Roach  
  35  6:06  Zergling x6  
  36  6:17  Queen  
  35  6:46  Drone x5  
  40  6:47  Overlord  
  40  6:48  Roach x2  
  44  7:10  Drone  
  44  7:11  Drone x5  
  48  7:27  Queen x2  
  48  8:02  Lair  
  48  8:04  Extractor  
  47  8:05  Extractor  
  40  8:33  Zergling x2  
  41  8:34  Zergling x16  
  49  8:46  Overlord x5  
  45  8:52  Extractor  
  43  9:04  Queen  
  43  9:17  Hydralisk Den  
  28  9:39  Queen  
  27  9:45  Hydralisk x5  
  27  9:46  Hydralisk x9  
  35  10:15  Queen  
  25  10:35  Hydralisk  
  25  10:36  Hydralisk  
  25  10:40  Drone x3  
  25  10:41  Drone x3  
  35  11:21  Hydralisk x2  
  35  11:22  Hatchery  
  35  11:24  Zergling x4  
  40  11:41  Drone x4  
  40  11:42  Drone  
  45  12:04  Evolution Chamber  
  44  12:16  Drone x5  
  48  12:27  Zergling x4  
  50  12:43  Hydralisk  
  52  12:47  Zergling x4  
  54  12:55  Zergling x2  
  54  12:56  Zergling x2  
  54  12:57  Zergling x2  
  57  13:12  Drone x3  
  60  13:13  Drone x2  
  54  13:40  Zergling x2  
  54  13:41  Zergling x18  
Show
View Real Time Build Order
Export as new Build Order

AgCl Protoss - Winner!

Build Orders: Oracle Opening 

Get SALT Encoding   

  12  0:16  Pylon  
  12  0:26  Probe  
  13  0:38  Probe  
  14  0:49  Gateway  
  14  0:50  Probe  
  14  0:52  Assimilator  
  15  1:03  Probe  
  16  1:11  Pylon  
  16  1:12  Assimilator  
  16  1:15  Probe (Chrono Boost)  
  17  1:25  Probe (Chrono Boost)  
  18  1:32  Probe  
  19  1:37  Zealot (Chrono Boost)  
  21  1:46  Cybernetics Core, Probe (Chrono Boost)  
  22  1:56  Probe (Chrono Boost)  
  23  2:03  Probe  
  24  2:09  Pylon  
  24  2:15  Probe (Chrono Boost)  
  25  2:20  Pylon  
  25  2:27  Probe (Chrono Boost)  
  25  2:28  Stargate  
  27  2:39  Probe  
  27  2:40  Warp Gate (Chrono Boost)  
  27  2:51  Probe  
  26  3:03  Probe  
  27  3:12  Nexus  
  27  3:18  Oracle (Chrono Boost)  
  30  3:24  Mothership Core (Chrono Boost)  
  32  3:38  Probe (Chrono Boost)  
  33  3:50  Probe  
  33  3:51  Gateway  
  33  3:52  Gateway  
  34  4:02  Probe  
  32  4:14  Probe  
  32  4:32  Fleet Beacon  
  32  4:33  Protoss Air Weapons Level 1 (Chrono Boost)  
  32  4:34  Probe (Chrono Boost)  
  34  4:41  Probe (Chrono Boost)  
  34  4:44  Probe (Chrono Boost)  
  35  4:48  Adept  
  37  4:52  Adept  
  37  4:58  Adept  
  34  5:08  Probe  
  34  5:10  Probe  
  34  5:13  Adept  
  34  5:14  Adept  
  38  5:20  Probe  
  39  5:23  Probe  
  38  5:30  Adept x2  
  38  5:32  Probe, Adept  
  43  5:38  Carrier (Chrono Boost)  
  43  5:55  Adept x2  
  43  5:56  Adept  
  49  6:03  Probe (Chrono Boost)  
  51  6:07  Probe (Chrono Boost)  
  52  6:12  Graviton Catapult  
  52  6:17  Adept  
  49  6:18  Stalker  
  49  6:20  Probe  
  49  6:22  Probe  
  51  6:32  Probe  
  50  6:34  Probe  
  47  6:44  Probe, Stargate  
  47  6:46  Probe  
  49  6:47  Assimilator  
  49  6:50  Assimilator  
  49  6:56  Probe, Pylon  
  49  7:00  Probe, Carrier (Chrono Boost)  
  51  7:13  Probe  
  58  7:23  Probe  
  58  7:25  Probe  
  60  7:34  Gateway  
  60  7:37  Forge  
  60  7:41  Nexus  
  60  7:43  Pylon  
  60  7:45  Pylon  
  60  7:56  Pylon  
  60  8:02  Pylon  
  60  8:03  Probe x2  
  60  8:05  Adept x2  
  64  8:06  Adept  
  68  8:16  Phoenix (Chrono Boost)  
  70  8:22  Pylon  
  70  8:26  Adept  
  72  8:31  Adept  
  76  8:47  Probe (Chrono Boost)  
  75  8:49  Adept  
  75  8:50  Sentry  
  77  8:58  Adept  
  72  9:06  Void Ray (Chrono Boost)  
  72  9:11  Sentry  
  66  10:06  Nexus  
  60  10:27  Probe (Chrono Boost)  
  56  10:32  Probe (Chrono Boost)  
  51  10:37  Probe (Chrono Boost)  
  51  10:39  Assimilator  
  51  10:40  Probe (Chrono Boost)  
  52  10:49  Probe (Chrono Boost)  
  54  10:57  Probe (Chrono Boost)  
  54  11:01  Probe (Chrono Boost)  
  55  11:05  Photon Cannon  
  55  11:16  Void Ray (Chrono Boost)  
  59  11:25  Assimilator  
  59  11:26  Probe (Chrono Boost)  
  59  11:27  Carrier (Chrono Boost)  
  59  11:30  Pylon  
  59  11:32  Protoss Air Weapons Level 2, Probe (Chrono Boost)  
  67  11:51  Void Ray (Chrono Boost)  
  71  12:05  Gateway  
  71  12:11  Pylon  
  71  12:12  Carrier (Chrono Boost)  
  77  12:35  Nexus  
  77  12:37  Probe  
  77  12:43  Carrier (Chrono Boost)  
  80  12:53  Probe  
  85  13:08  Probe  
  85  13:11  Adept x2  
  90  13:28  Pylon  
  96  13:44  Probe, Pylon  
  97  13:48  Adept  
  97  13:49  Adept  
  96  13:55  Adept  
Tags
 
Add a new tag
Caveats
  • Supply blocks, unpowered buildings, or Contaminate may cause inaccurate times.
  • Supply counts are checked every 10 seconds.